2609 views
Uploaded 2020-03-07 01:02:22
Game version 1.32.2
33:52 long 1on1 ladder game on (2)ConcealedHill
Saved by BEARAND
2609 views
Uploaded 2020-03-07 01:02:22
Game version 1.32.2
33:52 long 1on1 ladder game on (2)ConcealedHill

70 units @ 9.8k
/ 1.4k
24 buildings @ 2.6k
/ 1.1k



x1)
| Potion of Mana | 2 | 400 |
| Orb of Fire | 1 | 325 |
| Potion of Healing | 2 | 300 |
| Scroll of Regeneration | 1 | 100 |
| Scroll of Healing | 1 | 250 |
| Scroll of Protection | 1 | 150 |
| Tome of Retraining | 1 | 300 |
| total: | 9 | 1825g |
| Peasant | 25 | 1875 | / | 0 |
| Footman | 8 | 1080 | / | 0 |
| Priest | 7 | 945 | / | 70 |
| Spell Breaker | 10 | 2150 | / | 300 |
| Sorceress | 6 | 930 | / | 120 |
| Mortar Team | 7 | 1260 | / | 490 |
| Siege Engine | 6 | 1170 | / | 360 |
| Goblin Shredder | 1 | 375 | / | 100 |
| total: | 70 | 9785g | / | 1440w |
| Scout Tower | 3 | 90 | / | 60 |
| Guard Tower | 3 | 210 | / | 150 |
| Altar of Kings | 1 | 180 | / | 50 |
| Farm | 12 | 960 | / | 240 |
| Barracks | 1 | 160 | / | 60 |
| Lumber Mill | 1 | 120 | / | 0 |
| Blacksmith | 1 | 140 | / | 60 |
| Town Hall | 1 | 385 | / | 205 |
| Arcane Vault | 1 | 130 | / | 30 |
| Arcane Sanctum | 2 | 300 | / | 280 |
| Workshop | 1 | 140 | / | 140 |
| Keep | 2 | 640 | / | 420 |
| Castle | 1 | 360 | / | 210 |
| total: | 24 | 2605g | / | 1125w |
| 0:04 | Peasant |
| 0:04 | Peasant |
| 0:09 | Altar of Kings |
| 0:21 | Farm |
| 0:23 | Barracks |
| 0:28 | Peasant |
| 0:42 | Peasant |
| 0:51 | Farm |
| 1:02 | Peasant |
| 1:07 | Peasant |
| 1:27 | Peasant |
| 1:34 | Footman |
| 1:40 | Peasant |
| 1:42 | Farm |
| 1:55 | Peasant |
| 2:03 | Footman |
| 2:21 | Footman |
| 2:31 | Summon Water Elemental |
| 2:43 | Footman |
| 2:50 | Peasant |
| 2:57 | Farm |
| 3:04 | Footman |
| 3:15 | Farm |
| 3:33 | Keep |
| 4:04 | Lumber Mill |
| 4:07 | Brilliance Aura |
| 4:17 | Footman |
| 4:27 | Blacksmith |
| 4:39 | Footman |
| 5:20 | Footman |
| 5:34 | Summon Water Elemental |
| 5:46 | Town Hall |
| 5:57 | Scout Tower |
| 6:01 | Scout Tower |
| 6:20 | Farm |
| 6:34 | Guard Tower |
| 6:35 | Guard Tower |
| 6:39 | Scout Tower |
| 7:04 | Arcane Vault |
| 7:15 | Storm Bolt |
| 7:55 | Arcane Sanctum |
| 7:58 | Peasant |
| 7:58 | Peasant |
| 7:58 | Peasant |
| 7:58 | Peasant |
| 7:59 | Peasant |
| 8:04 | Guard Tower |
| 8:17 | Improved Lumber Harvesting |
| 8:48 | Goblin Shredder |
| 9:14 | Priest |
| 9:15 | Spell Breaker |
| 9:26 | Priest |
| 9:45 | Castle |
| 9:48 | Iron Plating |
| 9:49 | Iron Forged Swords |
| 9:52 | Spell Breaker |
| 10:12 | Spell Breaker |
| 10:52 | Priest |
| 11:06 | Spell Breaker |
| 11:10 | Steel Plating |
| 11:29 | Spell Breaker |
| 11:44 | Thunder Clap |
| 11:51 | Sorceress |
| 12:08 | Arcane Sanctum |
| 12:31 | Spell Breaker |
| 12:50 | Steel Forged Swords |
| 12:58 | Farm |
| 13:28 | Priest |
| 13:48 | Brilliance Aura |
| 13:54 | Holy Light |
| 14:03 | Farm |
| 14:17 | Farm |
| 14:20 | Improved Masonry |
| 14:29 | Potion of Mana |
| 14:30 | Orb of Fire |
| 14:30 | Potion of Healing |
| 14:38 | Potion of Healing |
| 14:39 | Potion of Mana |
| 14:57 | Sorceress Adept Training |
| 14:59 | Sorceress |
| 15:04 | Spell Breaker |
| 15:06 | Mithril Plating |
| 15:07 | Mithril Forged Swords |
| 15:33 | Sorceress |
| 15:35 | Sorceress |
| 15:36 | Spell Breaker |
| 15:52 | Scroll of Protection |
| 15:54 | Scroll of Healing |
| 16:24 | Tome of Retraining |
| 16:24 | Retrain Hero |
| 16:56 | Blizzard |
| 16:56 | Blizzard |
| 16:58 | Brilliance Aura |
| 16:59 | Brilliance Aura |
| 17:15 | Sorceress Master Training |
| 17:15 | Priest Adept Training |
| 18:05 | Peasant |
| 18:05 | Peasant |
| 18:05 | Peasant |
| 18:07 | Peasant |
| 18:07 | Peasant |
| 18:29 | Workshop |
| 19:25 | Black Gunpowder |
| 19:52 | Mortar Team |
| 19:53 | Mortar Team |
| 19:53 | Fragmentation Shards |
| 19:54 | Mortar Team |
| 20:04 | Scroll of Regeneration |
| 20:18 | Sorceress |
| 20:18 | Priest Master Training |
| 20:19 | Priest |
| 20:21 | Spell Breaker |
| 20:21 | Spell Breaker |
| 20:36 | Mortar Team |
| 20:55 | Farm |
| 21:18 | Farm |
| 22:37 | Mortar Team |
| 22:37 | Mortar Team |
| 22:37 | Mortar Team |
| 22:48 | Storm Bolt |
| 24:21 | Farm |
| 26:16 | Siege Engine |
| 26:16 | Siege Engine |
| 26:16 | Siege Engine |
| 26:17 | Siege Engine |
| 26:17 | Siege Engine |
| 26:17 | Siege Engine |
| 27:07 | Priest |
| 27:08 | Sorceress |
| 27:36 | Peasant |
| 27:36 | Peasant |
| 27:36 | Peasant |
| 27:36 | Peasant |
| 27:37 | Peasant |
| 31:58 | Priest |
| Right click | 778 |
| Select | 616 |
| Select group | 182 |
| Misc. action | 163 |
| Build/train/purchase | 150 |
| Assign group | 87 |
| Use ability | 66 |
| Remove unit | 6 |
| Item give/drop | 2 |
24 units @ 2.7k
/ 0.2k
141 buildings @ 6.3k
/ 3.6k



| Potion of Healing | 2 | 300 |
| Staff of Sanctuary | 3 | 750 |
| Orb of Fire | 2 | 650 |
| Lesser Clarity Potion | 3 | 210 |
| Scroll of Town Portal | 1 | 350 |
| Staff of Teleportation | 3 | 450 |
| Boots of Speed | 3 | 750 |
| Periapt of Vitality | 1 | 325 |
| Circlet of Nobility | 1 | 175 |
| total: | 19 | 3960g |
| Peasant | 17 | 1275 | / | 0 |
| Priest | 1 | 135 | / | 10 |
| Dragonhawk Rider | 4 | 800 | / | 120 |
| Sorceress | 1 | 155 | / | 20 |
| Goblin Shredder | 1 | 375 | / | 100 |
| total: | 24 | 2740g | / | 250w |
| Scout Tower | 123 | 3690 | / | 2460 |
| Arcane Tower | 10 | 700 | / | 500 |
| Guard Tower | 70 | 4900 | / | 3500 |
| Altar of Kings | 1 | 180 | / | 50 |
| Farm | 6 | 480 | / | 120 |
| Lumber Mill | 1 | 120 | / | 0 |
| Arcane Vault | 4 | 520 | / | 120 |
| Town Hall | 2 | 770 | / | 410 |
| Blacksmith | 1 | 140 | / | 60 |
| Barracks | 1 | 160 | / | 60 |
| Arcane Sanctum | 1 | 150 | / | 140 |
| Gryphon Aviary | 1 | 140 | / | 150 |
| Keep | 1 | 320 | / | 210 |
| Castle | 1 | 360 | / | 210 |
| total: | 141 | 6350g | / | 3570w |
| 0:02 | Peasant |
| 0:02 | Peasant |
| 0:09 | Altar of Kings |
| 0:18 | Farm |
| 0:22 | Peasant |
| 0:29 | Lumber Mill |
| 0:31 | Scout Tower |
| 0:32 | Peasant |
| 0:57 | Peasant |
| 0:59 | Peasant |
| 1:09 | Peasant |
| 1:18 | Farm |
| 1:21 | Peasant |
| 1:27 | Scout Tower |
| 1:31 | Arcane Vault |
| 1:34 | Peasant |
| 1:47 | Arcane Tower |
| 1:51 | Peasant |
| 2:04 | Arcane Vault |
| 2:10 | Blizzard |
| 2:17 | Guard Tower |
| 2:20 | Scout Tower |
| 2:43 | Peasant |
| 2:43 | Peasant |
| 2:43 | Peasant |
| 2:44 | Peasant |
| 2:44 | Peasant |
| 2:47 | Scout Tower |
| 3:05 | Peasant |
| 3:21 | Brilliance Aura |
| 3:28 | Guard Tower |
| 3:29 | Guard Tower |
| 3:52 | Keep |
| 4:36 | Blizzard |
| 4:42 | Town Hall |
| 4:51 | Staff of Teleportation |
| 4:51 | Boots of Speed |
| 5:54 | Scout Tower |
| 5:55 | Scout Tower |
| 5:55 | Scout Tower |
| 5:56 | Scout Tower |
| 5:56 | Scout Tower |
| 5:57 | Scout Tower |
| 5:57 | Scout Tower |
| 5:58 | Scout Tower |
| 6:17 | Farm |
| 6:18 | Farm |
| 6:41 | Farm |
| 6:42 | Improved Masonry |
| 7:07 | Castle |
| 7:12 | Scout Tower |
| 7:12 | Scout Tower |
| 7:13 | Scout Tower |
| 7:30 | Brilliance Aura |
| 7:43 | Advanced Masonry |
| 7:45 | Improved Lumber Harvesting |
| 7:54 | Scout Tower |
| 7:56 | Scout Tower |
| 7:56 | Scout Tower |
| 7:56 | Scout Tower |
| 7:57 | Scout Tower |
| 7:57 | Scout Tower |
| 7:58 | Scout Tower |
| 8:00 | Potion of Healing |
| 8:13 | Storm Bolt |
| 8:23 | Arcane Tower |
| 9:02 | Peasant |
| 9:15 | Guard Tower |
| 9:36 | Staff of Teleportation |
| 9:36 | Boots of Speed |
| 9:42 | Guard Tower |
| 10:18 | Scroll of Town Portal |
| 10:18 | Potion of Healing |
| 10:20 | Staff of Sanctuary |
| 10:45 | Bash |
| 10:51 | Guard Tower |
| 10:51 | Guard Tower |
| 11:00 | Arcane Sanctum |
| 11:04 | Scout Tower |
| 11:05 | Scout Tower |
| 11:05 | Scout Tower |
| 11:27 | Orb of Fire |
| 11:31 | Guard Tower |
| 11:59 | Holy Light |
| 12:16 | Magic Sentry |
| 12:17 | Priest |
| 12:19 | Guard Tower |
| 12:24 | Goblin Shredder |
| 12:28 | Guard Tower |
| 12:46 | Lesser Clarity Potion |
| 12:46 | Staff of Sanctuary |
| 12:47 | Lesser Clarity Potion |
| 12:55 | Guard Tower |
| 13:01 | Arcane Vault |
| 13:04 | Scout Tower |
| 13:05 | Scout Tower |
| 13:05 | Scout Tower |
| 13:06 | Scout Tower |
| 13:07 | Scout Tower |
| 13:07 | Scout Tower |
| 13:07 | Scout Tower |
| 13:41 | Guard Tower |
| 13:42 | Scout Tower |
| 13:43 | Scout Tower |
| 13:43 | Scout Tower |
| 13:44 | Scout Tower |
| 13:45 | Scout Tower |
| 13:49 | Priest Adept Training |
| 13:51 | Gryphon Aviary |
| 13:52 | Blacksmith |
| 14:04 | Divine Shield |
| 14:17 | Guard Tower |
| 14:21 | Imbued Masonry |
| 14:36 | Guard Tower |
| 14:40 | Farm |
| 14:46 | Guard Tower |
| 15:00 | Arcane Tower |
| 15:03 | Arcane Tower |
| 15:27 | Storm Bolt |
| 15:52 | Guard Tower |
| 15:53 | Scout Tower |
| 15:54 | Scout Tower |
| 15:54 | Scout Tower |
| 15:55 | Scout Tower |
| 15:57 | Dragonhawk Rider |
| 15:57 | Dragonhawk Rider |
| 15:57 | Dragonhawk Rider |
| 16:06 | Guard Tower |
| 16:10 | Guard Tower |
| 16:12 | Scout Tower |
| 16:12 | Scout Tower |
| 16:13 | Scout Tower |
| 16:13 | Scout Tower |
| 16:13 | Scout Tower |
| 16:21 | Staff of Sanctuary |
| 16:22 | Orb of Fire |
| 16:26 | Guard Tower |
| 16:44 | Barracks |
| 16:46 | Iron Forged Swords |
| 16:46 | Studded Leather Armor |
| 17:06 | Periapt of Vitality |
| 17:09 | Staff of Teleportation |
| 17:09 | Boots of Speed |
| 17:25 | Guard Tower |
| 18:07 | Dragonhawk Rider |
| 18:14 | Scout Tower |
| 18:14 | Scout Tower |
| 18:15 | Scout Tower |
| 18:15 | Scout Tower |
| 18:16 | Scout Tower |
| 18:16 | Scout Tower |
| 18:17 | Scout Tower |
| 18:18 | Scout Tower |
| 18:18 | Scout Tower |
| 18:19 | Scout Tower |
| 19:06 | Animal War Training |
| 19:08 | Steel Forged Swords |
| 19:08 | Reinforced Leather Armor |
| 19:10 | Guard Tower |
| 19:12 | Guard Tower |
| 19:14 | Guard Tower |
| 19:14 | Guard Tower |
| 19:48 | Guard Tower |
| 19:52 | Scout Tower |
| 19:52 | Scout Tower |
| 19:54 | Scout Tower |
| 19:55 | Scout Tower |
| 19:55 | Scout Tower |
| 19:56 | Scout Tower |
| 19:57 | Scout Tower |
| 20:09 | Guard Tower |
| 20:14 | Town Hall |
| 20:14 | Guard Tower |
| 20:20 | Circlet of Nobility |
| 20:23 | Guard Tower |
| 20:35 | Arcane Tower |
| 20:37 | Scout Tower |
| 20:37 | Scout Tower |
| 20:38 | Scout Tower |
| 20:38 | Scout Tower |
| 20:38 | Scout Tower |
| 20:39 | Scout Tower |
| 20:52 | Guard Tower |
| 20:56 | Guard Tower |
| 21:14 | Guard Tower |
| 21:32 | Guard Tower |
| 21:41 | Cloud |
| 21:58 | Guard Tower |
| 22:03 | Guard Tower |
| 22:26 | Guard Tower |
| 22:58 | Arcane Vault |
| 22:58 | Guard Tower |
| 23:14 | Blizzard |
| 23:24 | Guard Tower |
| 23:25 | Scout Tower |
| 23:27 | Scout Tower |
| 23:27 | Scout Tower |
| 23:37 | Scout Tower |
| 23:37 | Scout Tower |
| 23:38 | Scout Tower |
| 23:38 | Scout Tower |
| 23:39 | Scout Tower |
| 23:39 | Scout Tower |
| 23:39 | Scout Tower |
| 23:40 | Scout Tower |
| 24:15 | Scout Tower |
| 24:15 | Scout Tower |
| 24:15 | Scout Tower |
| 24:16 | Scout Tower |
| 24:16 | Guard Tower |
| 24:19 | Lesser Clarity Potion |
| 24:31 | Guard Tower |
| 24:50 | Guard Tower |
| 24:52 | Guard Tower |
| 24:56 | Sorceress Adept Training |
| 24:57 | Sorceress |
| 25:00 | Arcane Tower |
| 25:01 | Guard Tower |
| 25:43 | Holy Light |
| 26:25 | Guard Tower |
| 26:48 | Scout Tower |
| 26:49 | Scout Tower |
| 26:50 | Arcane Tower |
| 26:52 | Guard Tower |
| 27:07 | Guard Tower |
| 27:37 | Guard Tower |
| 27:39 | Scout Tower |
| 27:41 | Scout Tower |
| 27:55 | Scout Tower |
| 27:55 | Scout Tower |
| 27:56 | Scout Tower |
| 27:56 | Scout Tower |
| 27:56 | Scout Tower |
| 27:57 | Scout Tower |
| 27:58 | Scout Tower |
| 27:58 | Scout Tower |
| 27:58 | Scout Tower |
| 27:59 | Scout Tower |
| 27:59 | Scout Tower |
| 28:00 | Scout Tower |
| 28:04 | Scout Tower |
| 28:05 | Scout Tower |
| 28:05 | Scout Tower |
| 28:05 | Scout Tower |
| 28:07 | Scout Tower |
| 28:08 | Scout Tower |
| 28:08 | Scout Tower |
| 28:10 | Scout Tower |
| 28:11 | Scout Tower |
| 28:12 | Scout Tower |
| 28:12 | Scout Tower |
| 28:13 | Scout Tower |
| 28:14 | Mithril Forged Swords |
| 28:14 | Dragonhide Armor |
| 28:40 | Guard Tower |
| 28:42 | Guard Tower |
| 28:45 | Scout Tower |
| 28:46 | Scout Tower |
| 28:47 | Scout Tower |
| 28:47 | Scout Tower |
| 28:48 | Scout Tower |
| 28:50 | Scout Tower |
| 28:50 | Scout Tower |
| 28:51 | Scout Tower |
| 29:00 | Guard Tower |
| 29:02 | Scout Tower |
| 29:03 | Scout Tower |
| 29:04 | Scout Tower |
| 29:48 | Guard Tower |
| 30:17 | Guard Tower |
| 30:17 | Guard Tower |
| 30:43 | Guard Tower |
| 30:43 | Guard Tower |
| 30:59 | Guard Tower |
| 31:07 | Guard Tower |
| 32:01 | Guard Tower |
| 32:14 | Arcane Tower |
| 32:15 | Guard Tower |
| 32:20 | Guard Tower |
| 32:27 | Arcane Tower |
| 33:46 | Bash |
| Right click | 2802 |
| Select | 1048 |
| Select group | 428 |
| Build/train/purchase | 261 |
| Chat | 214 |
| Use ability | 146 |
| Misc. action | 32 |
| Assign group | 24 |
| Item give/drop | 6 |
| Remove unit | 3 |